 Dungeon Crawl Stone Soup version 0.21.1-1-g345015fe64 (webtiles) character file.

185 Gargoyl the Skirmisher (level 5, -4/45 HPs)
             Began as a Centaur Abyssal Knight on June 1, 2018.
             Was a Believer of Lugonu.
             Slain by an iguana (5 damage)
             ... on level 4 of the Dungeon.
             The game lasted 00:06:29 (4052 turns).

Gargoyl the Skirmisher (Centaur Abyssal Knight)     Turns: 4052, Time: 00:06:30

Health: -4/45      AC: 10    Str: 14    XL:     5   Next: 37%
Magic:  7/7        EV:  4    Int: 11    God:    Lugonu [**....]
Gold:   199        SH:  0    Dex: 10    Spells: 4/4 levels left

rFire    . . .     SeeInvis .   e - +0 war axe
rCold    . . .     Gourm    .   (no shield)
rNeg     . . .     Faith    .   d - +2 chain mail
rPois    .         Spirit   .   (no helmet)
rElec    .         Reflect  .   (no cloak)
rCorr    .         Harm     .   (no gloves)
MR       .....                  (no barding)
Stlth    ..........             (no amulet)
HPRegen  0.15/turn              (no ring)
MPRegen  0.10/turn              (no ring)

@: invisible, very quick
A: large, hooves 3, deformed body, speed 2, tough skin 3
a: Depart the Abyss, Bend Space, Renounce Religion


You were on level 4 of the Dungeon.
You worshipped Lugonu.
Lugonu was pleased with you.
You were not hungry.

You visited 1 branch of the dungeon, and saw 4 of its levels.
You visited the Abyss 1 time.

You collected 199 gold pieces.

Inventory:

Hand Weapons
 a - a +1 hand axe
 e - a +0 war axe (weapon)
Armour
 d - a +2 chain mail (worn)
Wands
 l - a wand of iceblast (8)
Scrolls
 b - 3 scrolls of remove curse
 f - 3 scrolls of teleportation
 g - 4 scrolls of identify
 j - a scroll of magic mapping
 m - a scroll of enchant armour
Potions
 h - a potion of invisibility
 i - a potion of curing
 k - 3 potions of brilliance
Comestibles
 c - 4 rations


   Skills:
 + Level 3.4 Fighting
 + Level 2.4 Axes
 * Level 3.2 Armour
 + Level 1.0 Dodging
 * Level 3.1 Invocations


You had 4 spell levels left.
You didn't know any spells.

Dungeon Overview and Level Annotations

Branches:
Dungeon (4/15)
 Temple: D:4-7

Altars:
Hepliaklqana
Nemelex Xobeh
Qazlal


Innate Abilities, Weirdness & Mutations

You have hooves in place of feet.
Armour fits poorly on your strangely shaped body.
You cover ground very quickly.
You have extremely tough skin. (AC +3)


Message History

You hit the phantom but do no damage.
The phantom is heavily damaged.
You hit the iguana. The phantom hits you.
The phantom blinks!
The iguana bites you.
You hit the iguana.
The iguana is moderately wounded.
The iguana bites you!
* * * LOW HITPOINT WARNING * * *
Unknown command.
You closely miss the iguana. Your kick misses the iguana.
The iguana is moderately wounded.
You barely miss the phantom. The iguana bites you.
* * * LOW HITPOINT WARNING * * *
The phantom hits you but does no damage.
The iguana bites you.
* * * LOW HITPOINT WARNING * * *
It was a potion of invisibility.
You fade into invisibility!
The phantom barely misses you. The iguana bites you.
You die...

..
..#########
..........
#.........
##.........
##..........
#...........
##...l.......
#....@W......
#.....)......
#<.........:.
##...........
##..........
####......#
#######


You could see a phantom and an iguana.

Vanquished Creatures
  Ijyb (D:3)
  Natasha (thrice) (D:2)
  An adder (D:3)
  A worm (D:2)
  A dart slug (D:1)
  5 leopard geckos
  2 orcs
  9 bats
  4 giant cockroaches
  7 goblins
  10 hobgoblins
  3 kobolds
  2 quokkas
  2 ball pythons
  5 frilled lizards
  9 rats
65 creatures vanquished.

Notes
Turn   | Place    | Note
-------+----------+-------------------------------------------
     0 | Abyss:1  | Gargoyl the Centaur Abyssal Knight began the quest for the Orb.
     0 | Abyss:1  | Reached XP level 1. HP: 19/19 MP: 2/2
    37 | Abyss:1  | Noticed a Hell Sentinel
   105 | Abyss:2  | Noticed a small abomination
   174 | Abyss:2  | Noticed a large abomination
   187 | Abyss:2  | Noticed a worldbinder
   188 | D:1      | Escaped the Abyss
   264 | D:1      | Reached * piety under Lugonu
   391 | D:1      | Reached XP level 2. HP: 25/26 MP: 3/3
  1095 | D:1      | Reached XP level 3. HP: 29/31 MP: 5/5
  1512 | D:2      | Noticed Natasha
  1522 | D:2      | Killed Natasha
  1522 | D:2      | Reached XP level 4. HP: 21/38 MP: 6/6
  1749 | D:2      | Noticed Natasha
  1756 | D:2      | Killed Natasha
  1756 | D:2      | Reached ** piety under Lugonu
  1880 | D:2      | Noticed Natasha
  1896 | D:2      | Killed Natasha
  2403 | D:2      | Found a stormy altar of Qazlal.
  2835 | D:3      | Noticed Ijyb
  2855 | D:3      | Killed Ijyb
  2855 | D:3      | Reached XP level 5. HP: 36/45 MP: 7/7
  2919 | D:3      | Found a hazy altar of Hepliaklqana.
  2920 | D:3      | Found a sparkling altar of Nemelex Xobeh.
  3021 | D:3      | Reached skill level 1 in Dodging
  3885 | D:4      | Noticed a phantom
  4051 | D:4      | HP: 1/45 [iguana (5)]
  4052 | D:4      | Slain by an iguana

Skill      XL: |  1  2  3  4  5 |
---------------+----------------+-----
Axes           | 2 |  2.4
Armour         | 2 3 |  3.2
Invocations    | 3 |  3.1
Dodging        | 1 |  1.0
Fighting       | |  3.4

Action                   |  1- 3 |  4- 6 || total
-------------------------+-------+-------++-------
Melee: War axe           |   121 |   118 ||   239
       Kick              |    14 |    15 ||    29
Invok: Depart the Abyss  |     1 |       ||     1
Evoke: Wand              |       |     2 ||     2
  Use: Scroll            |     7 |     4 ||    11
       Potion            |       |     3 ||     3
  Eat: Chunk             |     1 |     1 ||     2
       Ration            |       |     2 ||     2
Armor: Chain mail        |   102 |   128 ||   230
Dodge: Dodged            |    32 |    34 ||    66
